 Dungeon Crawl Stone Soup version 0.22.1-2-g9c5b331 (webtiles) character file.

2082 step280290 the Cleaver (level 9, 0/83 HPs)
             Began as a Minotaur Berserker on Dec 14, 2018.
             Was a Priest of Trog.
             Succumbed to a killer bee's poison
             ... on level 7 of the Dungeon.
             The game lasted 00:30:14 (5373 turns).

step280290 the Cleaver (Minotaur Berserker)         Turns: 5373, Time: 00:30:14

Health: 0/83       AC: 11    Str: 21    XL:     9   Next: 6%
Magic:  8/8        EV:  6    Int:  4    God:    Trog [***...]
Gold:   348        SH:  3    Dex: 14    Spells: 8/8 levels left

rFire    . . .     SeeInvis .   u - +0 hand axe
rCold    . . .     Gourm    .   g - +0 buckler
rNeg     . . .     Faith    .   d - +0 plate armour
rPois    .         Spirit   .   (helmet restricted)
rElec    .         Reflect  .   (no cloak)
rCorr    .         Harm     .   (no gloves)
MR       .....                  (no boots)
Stlth    ..........             (no amulet)
HPRegen  0.23/turn              (no ring)
MPRegen  0.11/turn              (no ring)

@: lethally poisoned (0 -> -9), berserk cooldown, slowed, very slow
A: retaliatory headbutt, horns 2
a: Berserk, Trog's Hand, Renounce Religion


You were on level 7 of the Dungeon.
You worshipped Trog.
Trog was most pleased with you.
You were not hungry.

You visited 1 branch of the dungeon, and saw 7 of its levels.

You collected 348 gold pieces.

Inventory:

Hand Weapons
 u - a +0 hand axe (weapon)
Armour
 d - a +0 plate armour (worn)
 g - a +0 buckler (worn)
Jewellery
 i - an uncursed ring of wizardry {unknown}
 o - an uncursed ring of fire {unknown}
 r - an uncursed ring of protection from magic {unknown}
 s - an uncursed ring of fire {unknown}
Wands
 q - a wand of disintegration (10)
Scrolls
 a - a scroll of teleportation {unknown}
 b - 5 scrolls of enchant weapon {unknown}
 e - a scroll of fog {unknown}
 f - 7 scrolls of identify {unknown}
 j - 3 scrolls of amnesia {unknown}
 l - 3 scrolls of enchant armour {unknown}
 m - 5 scrolls of remove curse {unknown}
 y - a scroll of magic mapping {unknown}
Potions
 h - 4 potions of brilliance {unknown}
 k - 2 potions of degeneration {unknown}
 n - a potion of magic {unknown}
 p - a potion of mutation {unknown}
 t - a potion of heal wounds {unknown}
 v - 2 potions of agility {unknown}
 w - 2 potions of might
 x - a potion of curing {unknown}
 z - a potion of cancellation {unknown}
 A - a potion of haste {unknown}
Comestibles
 c - 10 rations


   Skills:
 + Level 9.0 Fighting
 * Level 11.9 Axes
 - Level 2.4 Armour
 - Level 2.1 Dodging


You had 8 spell levels left.
You didn't know any spells.
Your spell library was empty.

Dungeon Overview and Level Annotations

Branches:
Dungeon (7/15)
 Temple: D:4-7

Altars:
Ashenzari
Dithmenos
Elyvilon
Fedhas
Gozag
Hepliaklqana
Nemelex Xobeh
Qazlal
Sif Muna
Trog
Vehumet
Yredelemnul
Zin

Shops:
D:4 [


Innate Abilities, Weirdness & Mutations

You reflexively headbutt those who attack you in melee.
You have a pair of horns on your head.


Message History

You feel sick.
An orc comes into view.
Found 24 stones.
You see here 6 stones.
You feel your anger nearly subside.
You are no longer berserk.
You are exhausted.
You feel yourself slow down.
* * * LOW HITPOINT WARNING * * *
You feel sick.
The orc throws a tomahawk.
The tomahawk hits you but does no damage.
Things that are here:
a tomahawk; a blue potion The sentinel's mark upon you fades away.
* * * LOW HITPOINT WARNING * * *
You feel sick.
The orc throws a tomahawk.
The tomahawk barely misses you.
* * * LOW HITPOINT WARNING * * *
You feel sick.
The orc throws a tomahawk.
The tomahawk hits you but does no damage.
You see here a tomahawk.
You die...

#...# #...# #...###
#..... ##.#.# # #....
####(#
####..#######....#
#....†c†o((.(@#
####.....†o............#
......#.####.########.##
####.##.# #.#
####.##.####.#
#..........#.#
.....<..##.#.# #.##>####
#$# #......# .


You could see a centaur and 2 orcs.

Vanquished Creatures
  Pikel (D:6)
  Grinder (D:5)
  Duvessa (D:5)
  3 slaves (D:6)
  An ice beast (D:7)
  An ogre (D:4)
  A phantom (D:5)
  Blork the orc (D:5)
  Dowan (D:5)
  A wyvern skeleton (D:6)
  6 killer bees (D:7)
  3 crimson imps
  A bullfrog zombie (D:7)
  A jelly (D:6)
  2 centaur skeletons
  A hound (D:7)
  An orc priest (D:5)
  2 bullfrog skeletons
  2 worker ants
  An iguana (D:5)
  An orc wizard (D:5)
  A killer bee zombie (D:7)
  A hound zombie (D:6)
  A gnoll (D:4)
  8 adders
  A shadow imp (D:5)
  4 worms
  3 leopard geckos
  3 orcs
  8 giant cockroaches
  5 goblins
  6 hobgoblins
  5 kobolds
  2 quokkas
  2 ball pythons (D:1)
  9 bats
  5 frilled lizards
  4 rats
101 creatures vanquished.

Notes
Turn   | Place    | Note
-------+----------+-------------------------------------------
     0 | D:1      | step280290 the Minotaur Berserker began the quest for the
                  | Orb.
     0 | D:1      | Reached XP level 1. HP: 19/19 MP: 0/0
    24 | D:1      | Reached skill level 4 in Axes
   138 | D:1      | Reached XP level 2. HP: 27/27 MP: 1/1
   691 | D:2      | Reached XP level 3. HP: 19/33 MP: 2/2
   954 | D:2      | Reached skill level 5 in Axes
  1132 | D:2      | Reached ** piety under Trog
  1372 | D:2      | Reached XP level 4. HP: 41/41 MP: 3/3
  2408 | D:4      | Reached skill level 6 in Axes
  2456 | D:4      | Found a radiant altar of Vehumet.
  2503 | D:4      | Found Fyoxez's Antique Armour Shoppe.
  2515 | D:4      | Reached skill level 5 in Fighting
  2515 | D:4      | Reached XP level 5. HP: 45/48 MP: 4/4
  2767 | D:4      | Noticed an ogre
  2777 | D:4      | Killed an ogre
  2777 | D:4      | Reached skill level 7 in Axes
  2777 | D:4      | Reached XP level 6. HP: 56/56 MP: 5/5
  2908 | D:4      | Found a bloodstained altar of Trog.
  3064 | D:4      | You fall through a shaft for 2 floors!
  3267 | D:6      | Noticed a slave
  3267 | D:6      | Noticed a slave
  3267 | D:6      | Noticed Pikel
  3293 | D:6      | Noticed a slave
  3293 | D:6      | Noticed a slave
  3301 | D:6      | Killed a slave
  3301 | D:6      | Killed a slave
  3302 | D:6      | Killed a slave
  3303 | D:6      | Killed Pikel
  3303 | D:6      | Reached skill level 9 in Axes
  3303 | D:6      | Reached XP level 7. HP: 43/66 MP: 6/6
  3373 | D:5      | Entered Level 5 of the Dungeon
  3501 | D:5      | Noticed a water elemental
  3508 | D:5      | Found a stormy altar of Qazlal.
  3513 | D:5      | Noticed a fire elemental
  3514 | D:5      | Noticed an air elemental
  3552 | D:5      | Found a glowing silver altar of Zin.
  3602 | D:5      | Noticed Blork the orc
  3611 | D:5      | Killed Blork the orc
  3630 | D:5      | Noticed Grinder
  3632 | D:5      | Paralysed by Grinder for 3 turns
  3671 | D:5      | Killed Grinder
  3671 | D:5      | Reached skill level 10 in Axes
  3671 | D:5      | Reached XP level 8. HP: 35/73 MP: 7/7
  4229 | D:5      | Noticed Dowan
  4255 | D:5      | Noticed Duvessa
  4265 | D:5      | Killed Duvessa
  4271 | D:5      | Killed Dowan
  4296 | D:5      | Found a white marble altar of Elyvilon.
  4336 | D:5      | Reached *** piety under Trog
  4384 | D:5      | Reached skill level 11 in Axes
  4576 | D:5      | Found a sparkling altar of Nemelex Xobeh.
  4580 | D:5      | Found a hazy altar of Hepliaklqana.
  4581 | D:5      | Found a shadowy altar of Dithmenos.
  4582 | D:5      | Found a bloodstained altar of Trog.
  4582 | D:5      | Found a stormy altar of Qazlal.
  4582 | D:5      | Found a shattered altar of Ashenzari.
  4582 | D:5      | Found a deep blue altar of Sif Muna.
  4583 | D:5      | Found an opulent altar of Gozag.
  4585 | D:5      | Found a blossoming altar of Fedhas.
  4587 | D:5      | Found a basalt altar of Yredelemnul.
  5359 | D:7      | Reached XP level 9. HP: 28/82 MP: 8/8
  5371 | D:7      | HP: 4/83 [poisoned by a killer bee]
  5373 | D:7      | Succumbed to a killer bee's poison

Skill      XL: |  1  2  3  4  5  6  7  8  9 |
---------------+----------------------------+-----
Axes           | 4 5 6 7 9 10 11 | 11.9
Fighting       | 4 5 7 8 9 |  9.0
Armour         | |  2.4
Dodging        | |  2.1

Action                   |  1- 3 |  4- 6 |  7- 9 || total
-------------------------+-------+-------+-------++-------
Melee: Hand axe          |    86 |   111 |   139 ||   336
       Headbutt          |    13 |    22 |    32 ||    67
Invok: Berserk           |     3 |     3 |     3 ||     9
  Eat: Chunk             |     4 |     8 |     4 ||    16
       Ration            |       |       |     2 ||     2
Armor: Plate armour      |    44 |    58 |    71 ||   173
Dodge: Dodged            |    27 |    30 |    40 ||    97
Block: Buckler           |    15 |     8 |    22 ||    45
